 Dungeon Crawl Stone Soup version 0.17.1-3-g152610e (webtiles) character file.

758 Alarkh the Grappler (level 7, 20/52 HPs)
             Began as a White Draconian Transmuter on Apr 25, 2016.
             Was a Follower of Okawaru.
             Quit the game on level 7 of the Dungeon.
             The game lasted 00:08:05 (3805 turns).

Alarkh the Grappler (White Draconian Transmuter)    Turns: 3805, Time: 00:08:05

Health: 20/52      AC:  7    Str: 13    XL:     7   Next: 50%
Magic:  10/10      EV: 12    Int: 15    God:    Okawaru [*.....]
Gold:   163        SH:  0    Dex: 11    Spells: 2 memorised, 6 levels left

rFire  . . .     SeeInvis .       - Unarmed
rCold  + . .     Clarity  .     (armour unavailable)
rNeg   . . .     SustAt   .     (no shield)
rPois  .         Gourm    +     (helmet restricted)
rElec  .         Spirit   .     k - +0 cloak
rCorr  .         Warding  .     (no gloves)
rMut   .         Stasis   .     (no boots)
MR     .....                    d - amulet of the gourmand
Stlth  +.........               (no ring)
                                (no ring)

@: not resistant to hostile enchantments, very unstealthy
A: breathe frost, unfitting armour, cold resistance 1, cold-blooded, AC +6
a: Breathe Frost, Heroism, Renounce Religion


You were on level 7 of the Dungeon.
You worshipped Okawaru.
Okawaru was aware of your devotion.
You were completely stuffed.

You visited 2 branches of the dungeon, and saw 8 of its levels.

You collected 163 gold pieces.

Inventory:

Missiles
 a - 77 arrows
Armour
 k - a +0 cloak (worn)
Jewellery
 d - an amulet of the gourmand (around neck)
Wands
 j - a wand of random effects (0)
Scrolls
 f - 2 scrolls of random uselessness
 m - 2 scrolls of teleportation
 n - 3 scrolls of recharging
 r - a scroll of remove curse
Potions
 e - 5 potions of heal wounds
 g - 2 potions of brilliance
 i - a potion of resistance {unknown}
 q - a potion of cure mutation {unknown}
 s - a potion of might {unknown}
 t - a potion of curing
 u - a potion of agility {unknown}
Books
 b - a book of Changes

   Spells                             Type                      Level
   a - Beastly Appendage              Transmutation                1
   b - Sticks to Snakes               Transmutation                2
   c - Spider Form                    Transmutation/Poison         3
   d - Ice Form                       Ice/Transmutation            4
   e - Blade Hands                    Transmutation                5
Comestibles
 c - 3 bread rations
 h - 5 chunks of flesh
 l - a beef jerky
 o - 3 fruits
 p - 2 meat rations


   Skills:
 - Level 1.1 Fighting
 - Level 1.7 Dodging
 + Level 9.0 Unarmed Combat
 - Level 2.0 Spellcasting
 - Level 2.0 Transmutations


You had 6 spell levels left.
You knew the following spells:

 Your Spells              Type           Power        Failure   Level  Hunger
a - Beastly Appendage     Trmt           #.....       12%         1    #......
b - Spider Form           Trmt/Pois      #.........   43%         3    ###....


Dungeon Overview and Level Annotations

Branches:
Dungeon (7/15)             Temple (1/1) D:4

Altars:
Ashenzari
Cheibriados
Dithmenos
Elyvilon
Fedhas
Gozag
Kikubaaqudgha
Makhleb
Nemelex Xobeh
Okawaru
Qazlal
Ru
Sif Muna
Trog
Vehumet
Xom
Yredelemnul
Zin
The Shining One

Annotations:
D:4 exclusion: moth of wrath


Innate Abilities, Weirdness & Mutations

You can breathe waves of freezing cold.
You can buffet flying creatures when you breathe cold.
Your icy white scales are hard (AC +6).
Your body does not fit into most forms of armour.
Your flesh is cold resistant.
You are cold-blooded and may be slowed by cold attacks.


Message History

You open the door. The iguana closely misses you.
There is an open door here.
You open the door. The iguana closely misses you.
There is an open door here.
Found a stone staircase leading up.
Found a stone staircase leading down.
Are you sure you want to abandon this character and quit the game? (Confirm with "yes".)
Okay, then.
Unknown command.
The iguana bites you. The orc completely misses you.
The iguana completely misses you.
The phantom blinks!
There is a stone staircase leading down here.
You climb downwards.
You hear the roar of battle.
There is an entrance to a bailey on this level.
Hurry and find it before the portal closes forever!
Found a scroll labeled WAVVES ENWIK.
There is a stone staircase leading up here.
Are you sure you want to abandon this character and quit the game? (Confirm with "yes".)

......
.....
....
######
...
.....#..
.....#
#?.l#####
#@.....#
#..###.#
.....
.....##
###....
#..###
#... ###.


You could see an iguana.

Vanquished Creatures
  2 ogres
  A phantom (D:4)
  A sky beast (D:6)
  Blork the orc (D:4)
  A giant frog skeleton (D:4)
  Jessica (D:2)
  Terence (D:2)
  Natasha (twice) (D:4)
  2 worker ants (D:4)
  2 gnolls (D:2)
  6 adders
  4 river rats (D:2)
  An ooze (D:2)
  3 worms (D:4)
  3 giant geckos
  8 orcs
  A giant cockroach (D:3)
  2 goblins
  4 hobgoblins
  A ball python (D:4)
  4 bats
  A giant newt (D:3)
  5 kobolds
  13 rats
70 creatures vanquished.

Notes
Turn   | Place    | Note
--------------------------------------------------------------
     0 | D:1      | Alarkh the Draconian Transmuter began the quest for the Orb.
     0 | D:1      | Reached XP level 1. HP: 16/16 MP: 3/3
   262 | D:1      | Reached XP level 2. HP: 21/23 MP: 5/5
   466 | D:1      | Found a glowing golden altar of the Shining One.
   515 | D:2      | Noticed Terence
   527 | D:2      | Found a shimmering altar of Xom.
   547 | D:2      | Noticed Jessica
   564 | D:2      | Killed Jessica
   564 | D:2      | Reached skill level 4 in Unarmed Combat
   564 | D:2      | Reached XP level 3. HP: 14/28 MP: 4/6
   574 | D:2      | Learned a level 3 spell: Spider Form
   999 | D:2      | Killed Terence
   999 | D:2      | Reached skill level 5 in Unarmed Combat
   999 | D:2      | Reached XP level 4. HP: 33/35 MP: 4/7
  1378 | D:2      | Reached XP level 5. HP: 18/40 MP: 1/8
  1475 | D:3      | Reached skill level 6 in Unarmed Combat
  2306 | D:4      | Noticed Natasha
  2499 | D:4      | Killed Natasha
  2499 | D:4      | Reached XP level 6. HP: 39/47 MP: 5/9
  2534 | D:4      | Noticed Natasha
  2554 | D:4      | Killed Natasha
  2585 | D:4      | Found a staircase to the Ecumenical Temple.
  2592 | Temple   | Entered the Ecumenical Temple
  2733 | Temple   | Became a worshipper of Warmaster Okawaru
  2797 | D:4      | Reached skill level 7 in Unarmed Combat
  2826 | D:4      | Noticed a phantom
  3305 | D:4      | Killed a phantom
  3414 | D:4      | Noticed a moth of wrath
  3417 | D:4      | Found a bloodstained altar of Trog.
  3509 | D:4      | Noticed Blork the orc
  3521 | D:4      | Killed Blork the orc
  3605 | D:4      | Reached skill level 8 in Unarmed Combat
  3605 | D:4      | Your scales start taking on an icy white colour.
  3605 | D:4      | Gained mutation: Your flesh is cold resistant. [White Draconian growth]
  3605 | D:4      | Reached XP level 7. HP: 42/52 MP: 6/10
  3628 | D:5      | Entered Level 5 of the Dungeon
  3727 | D:6      | Reached * piety under Okawaru
  3738 | D:6      | Reached skill level 9 in Unarmed Combat
  3805 | D:7      | Quit the game

Action                   |  1- 3 |  4- 6 |  7- 9 || total
-------------------------+-------+-------+-------++-------
Melee: Unarmed           |    85 |   205 |    21 ||   311
 Cast: Beastly Appendage |     2 |     4 |       ||     6
       Spider Form       |     2 |    19 |       ||    21
Evoke: Wand              |       |     5 |       ||     5
  Use: Scroll            |     1 |     5 |       ||     6
 Stab: Sleeping          |     1 |     1 |       ||     2
  Eat: Chunk             |     9 |    15 |     1 ||    25
